 Dungeon Crawl Stone Soup version 0.29-a0-187-ga23d9638d5 (webtiles) character file.

Game seed: 14623740758668665222

48034 esteth the Severer (level 14, -1/133 HPs)
             Began as a Minotaur Berserker on Feb 18, 2022.
             Was a High Priest of Trog.
             Slain by a lindwurm (9 damage)
             ... on level 6 of the Lair of Beasts on Feb 21, 2022.
             The game lasted 00:35:45 (20877 turns).

esteth the Severer (Minotaur Berserker)            Turns: 20877, Time: 00:35:46

Health: -1/133     AC: 18    Str: 25    XL:     14   Next: 10%
Magic:  13/13      EV: 16    Int:  4    God:    Trog [*****.]
Gold:   1292       SH:  0    Dex: 12    Spells: 13/13 levels left

rFire   + . .      SeeInvis .   j - +7 executioner's axe (vorpal) {rare}
rCold   . . .      Faith    .   (shield currently unavailable)
rNeg    . . .      Spirit   .   C - +0 chain mail {rF+}
rPois   +          Reflect  .   (helmet restricted)
rElec   .          Harm     .   I - +0 cloak
rCorr   .          Rampage  .   R - +0 pair of gloves
Will    +++..                   w - +2 pair of boots
Stlth   ..........              A - amulet of the acrobat
HPRegen 1.32/turn               P - ring of poison resistance
MPRegen 0.13/turn               E - +4 ring of evasion

@: strong-willed, regenerating, slowed, very slow
A: horns 2, retaliatory headbutt
a: Renounce Religion, Berserk, Trog's Hand, Brothers in Arms


You were on level 6 of the Lair of Beasts.
You worshipped Trog.
Trog was extremely pleased with you.
You visited 2 branches of the dungeon, and saw 16 of its levels.

You collected 1292 gold pieces.


Innate Abilities, Weirdness & Mutations

You have a pair of horns on your head.
You reflexively headbutt those who attack you in melee.


   Skills:
 - Level 14.7 Fighting
 + Level 16.7(17.0) Axes
 - Level 5.2(12.1) Polearms
 - Level 10.7 Armour
 - Level 9.8 Dodging
 - Level 10.1 Evocations


You had 13 spell levels left.
You didn't know any spells.
Your spell library contained the following spells:

 Spells                   Type           Power      Damage    Failure   Level
 Apportation              Tloc           0%         N/A       95%         1
 Summon Small Mammal      Summ           0%         N/A       95%         1
 Corpse Rot               Necr/Air       0%         N/A       99%         2
 Sublimation of Blood     Necr           0%         N/A       99%         2
 Wereblood                Tmut           0%         N/A       99%         2
 Call Canine Familiar     Summ           0%         N/A       100%        3
 Ozocubu's Armour         Ice            0%         N/A       100%        3
 Summon Guardian Golem    Hex/Summ       0%         N/A       100%        3
 Dispel Undead            Necr           0%         3d6       100%        4
 Alistair's Intoxication  Tmut/Pois      0%         N/A       100%        5
 Fireball                 Conj/Fire      0%         3d3       100%        5
 Death Channel            Necr           0%         N/A       100%        6
 Starburst                Conj/Fire      0%         6d3       100%        6
 Ozocubu's Refrigeration  Ice            0%         4d5       100%        7
 Summon Hydra             Summ           0%         N/A       100%        7
 Ignition                 Fire           0%         3d3       100%        8

Inventory:

Hand Weapons
 g - the +1 mace of Lies {vorpal, rElec rPois Int-3}
   (You found it on level 6 of the Lair of Beasts)

   It inflicts extra damage upon your enemies.
   Int:       It affects your intelligence (-3).
   rElec:     It insulates you from electricity.
   rPois:     It protects you from poison.
 j - a +7 vorpal executioner's axe (weapon) {rare}
   (Trog gifted it to you on level 6 of the Lair of Beasts)
 u - the +9 mace of Death {vorpal, +Blink Str+4 Dex+3 SInv}
   (You found it on level 7 of the Dungeon)

   It inflicts extra damage upon your enemies.
   Str:       It affects your strength (+4).
   Dex:       It affects your dexterity (+3).
   SInv:      It lets you see invisible.
   +Blink:    It lets you blink.
 W - the +12 glaive of Prune {vorpal}
   (You found it on level 4 of the Lair of Beasts)

   It inflicts extra damage upon your enemies.
   It halves damage taken while paralysed, petrified or unconscious.
Missiles
 i - 4 boomerangs (quivered)
 V - 2 throwing nets {=f!f}
 Y - 3 curare-tipped darts {=f}
Armour
 a - a +0 ring mail
   (You found it on level 4 of the Lair of Beasts)
 w - a +2 pair of boots (worn)
   (You found it on level 3 of the Lair of Beasts)
 y - a +0 plate armour
   (You found it on level 6 of the Lair of Beasts)
 C - a +0 chain mail of fire resistance (worn)
   (You found it on level 4 of the Dungeon)
 I - a +0 cloak (worn)
   (You found it on level 5 of the Dungeon)
 R - a +0 pair of gloves (worn)
   (You found it on level 7 of the Dungeon)
Jewellery
 d - a ring of willpower
   (You took it off an orc on level 3 of the Dungeon)
 p - the amulet of the Raven {rN++ Regen+ Str+7 Int-5}
   (You found it on level 3 of the Lair of Beasts)

   [amulet of regeneration]

   Str:       It affects your strength (+7).
   Int:       It affects your intelligence (-5).
   rN:        It greatly protects you from negative energy.
   Regen:     It increases your rate of health regeneration.
 s - the ring "Nosexoud" {Fire Contam Will- Str+5 SInv}
   (You took it off a kobold on level 3 of the Dungeon)

   [ring of fire]

   It enhances your fire magic.
   Str:       It affects your strength (+5).
   rF:        It protects you from fire.
   rC:        It makes you vulnerable to cold.
   SInv:      It lets you see invisible.
   Contam:    It causes magical contamination when unequipped.
   Will:      It decreases your willpower.
 v - a ring of see invisible
   (You found it on level 9 of the Dungeon)
 A - an amulet of the acrobat (around neck)
   (You found it on level 4 of the Dungeon)
 E - a +4 ring of evasion (right hand)
   (You found it on level 3 of the Dungeon)
 L - a ring of flight
   (You found it on level 3 of the Lair of Beasts)
 N - a ring of positive energy
   (You found it on level 5 of the Dungeon)
 P - a ring of poison resistance (left hand)
   (You found it on level 1 of the Dungeon)
Wands
 b - a wand of polymorph (2)
   (You found it on level 5 of the Lair of Beasts)
Scrolls
 e - 10 scrolls of identify {@r1}
 h - a scroll of acquirement {unknown}
 m - a scroll of fog {unknown}
 n - 3 scrolls of enchant armour {unknown}
 o - a scroll of torment {unknown}
 q - a scroll of brand weapon {unknown}
 z - 3 scrolls of blinking {unknown}
 B - 2 scrolls of magic mapping {unknown}
 D - a scroll of teleportation {@r4}
 S - 3 scrolls of amnesia {unknown}
 T - 3 scrolls of immolation {!r!r}
 U - a scroll of summoning {unknown}
Potions
 c - a potion of heal wounds {@q2}
 f - 3 potions of might {unknown}
 k - 3 potions of mutation {unknown}
 l - 7 potions of curing {@q1}
 r - 4 potions of attraction {unknown}
 t - a potion of resistance
 x - 3 potions of invisibility
 G - 2 potions of lignification {unknown}
 H - a potion of berserk rage {unknown}
 J - 4 potions of flight {unknown}
 O - a potion of degeneration {unknown}
 X - a potion of cancellation {unknown}

Dungeon Overview and Level Annotations

Branches:
Dungeon (10/15)            Temple (0/1) D:6            Lair (6/6) D:8
 Shoals (0/4) Lair:2       Spider (0/4) Lair:4        Slime (0/5) Lair:5
    Orc (0/2) D:10

Altars:
Ashenzari
Cheibriados
Dithmenos
Fedhas
Hepliaklqana
Kikubaaqudgha
Nemelex Xobeh
Okawaru
Sif Muna
Trog
Wu Jian
Yredelemnul
Zin
Beogh

Annotations:
D:7 1 runed translucent door, Crazy Yiuf
Lair:2 exclusion: oklob plant
Lair:6 bmj180's ghost, journeyman MfIE

###### #
###....##### ###
##w.........######..
#yw@####P....##.....
#.k## ####..#.....#
#.w ##.....### #...
####....### ##..
###......#.#
######.......#.##
#.#...#....####
##...####...#.#
##...## #.#...##


You could see a tyrant leech, 2 torpor snails, a lindwurm and a hornet.


Message History

Search for what [? for help]? armor You see here a tyrant leech corpse.
A torpor snail comes into view.
The torpor snail moves out of view. 😎 HP[+1]
Your hp is fully restored (133).
No target in view!
No target in view!
No target in view!
Unknown command.
A lindwurm comes into view.
The lindwurm roars!
You hear an angry buzzing noise.
A tyrant leech comes into view.
A torpor snail comes into view.
Being near the torpor snail leaves you feeling lethargic.
The lindwurm moves out of view.
A hornet comes into view.
The hornet buzzes angrily.
You slash the lindwurm! The lindwurm bites you!
The lindwurm claws you but does no damage. x2 😕 HP[-7]
You take 7 damage, and now have 126/133 hp.
You hit the lindwurm but do no damage.
You headbutt the lindwurm, but do no damage.
You barely miss the torpor snail. The lindwurm breathes flames at you.
The blast of flame hits you! You resist. The lindwurm bites you!
The lindwurm claws you. The lindwurm closely misses you.
The torpor snail barely misses you. 😕 HP[-24]
You take 24 damage, and now have 102/133 hp.
You hit the lindwurm. You slash the torpor snail!
The lindwurm breathes flames at you. The blast of flame hits you! You resist.
The torpor snail completely misses you. You furiously retaliate!
You headbutt the torpor snail! The lindwurm bites you! The lindwurm misses you.
The lindwurm closely misses you. 😮 HP[-20]
You take 20 damage, and now have 82/133 hp.
You closely miss the lindwurm. You hit the torpor snail.
The lindwurm breathes flames at you. The blast of flame hits you! You resist.
The torpor snail bites you but does no damage. 😮 HP[-7]
You take 7 damage, and now have 75/133 hp.
You barely miss the lindwurm. You slash the torpor snail!
You slash the tyrant leech! The lindwurm closely misses you.
The lindwurm completely misses you.
The lindwurm claws you but does no damage.
The tyrant leech bites you!!
* * * LOW HITPOINT WARNING * * *
The tyrant leech draws strength from your injuries!
The torpor snail misses you.
The lindwurm bites you but does no damage.
The lindwurm claws you but does no damage.
The lindwurm barely misses you.
The tyrant leech bites you but does no damage. 😨 HP[-19]
You take 19 damage, and now have 56/133 hp.
Your skin crawls.
You feel strong-willed.
The lindwurm bites you but does no damage.
The lindwurm claws you.
* * * LOW HITPOINT WARNING * * *
The lindwurm claws you but does no damage.
The torpor snail bites you.
* * * LOW HITPOINT WARNING * * *
The tyrant leech completely misses you. 😨 HP[-10]
You take 10 damage, and now have 46/133 hp.
You fail to use your ability.
The lindwurm bites you but does no damage.
The lindwurm claws you but does no damage. x2
The torpor snail bites you.
* * * LOW HITPOINT WARNING * * *
The tyrant leech bites you!!
* * * LOW HITPOINT WARNING * * *
The tyrant leech draws strength from your injuries!
The lindwurm barely misses you.
The lindwurm claws you but does no damage. x2 😱 HP[-25]
You take 25 damage, and now have 21/133 hp.
You feel much better. The torpor snail bites you!
* * * LOW HITPOINT WARNING * * *
The tyrant leech bites you!
* * * LOW HITPOINT WARNING * * *
The tyrant leech draws strength from your injuries!
The lindwurm barely misses you.
The lindwurm claws you but does no damage. x2 😱 HP[-8]
You take 8 damage, and now have 13/133 hp.
You feel much better. The lindwurm barely misses you.
The lindwurm claws you but does no damage.
The lindwurm completely misses you. The tyrant leech bites you!!
* * * LOW HITPOINT WARNING * * *
The tyrant leech draws strength from your injuries!
The torpor snail bites you!
* * * LOW HITPOINT WARNING * * *
The lindwurm bites you!
You die...

Skill      XL: |  1  2  3  4  5  6  7  8  9 10 11 12 13 |
---------------+----------------------------------------+-----
Axes           | 4 5 6 7 9 11 14 16 | 16.7
Fighting       | 5 8 14 | 14.7
Armour         | 4 7 10 | 10.7
Dodging        | 3 7 9 |  9.8
Evocations     | 1 10 | 10.1
Polearms       | 5 |  5.2

Action                   |  1- 3 |  4- 6 |  7- 9 | 10-12 | 13-15 || total
-------------------------+-------+-------+-------+-------+-------++-------
Melee: Hand axe          |    88 |    15 |       |       |       ||   103
       Headbutt          |     9 |     9 |    36 |   116 |    54 ||   224
       Punch             |     3 |     1 |     2 |     6 |       ||    12
       War axe           |       |    47 |   190 |    48 |       ||   285
       Mace              |       |       |       |   491 |    71 ||   562
       Glaive            |       |       |       |       |   127 ||   127
       Executioner's axe |       |       |       |       |    39 ||    39
Throw: Boomerang         |       |       |       |     4 |     5 ||     9
Invok: Berserk           |       |     3 |     2 |     5 |     1 ||    11
       Trog's Hand       |       |     1 |     2 |     4 |     4 ||    11
       Brothers in Arms  |       |       |       |     4 |     1 ||     5
  Use: Scroll            |       |       |       |    10 |     3 ||    13
       Potion            |       |       |       |     2 |     4 ||     6
 Stab: Sleeping          |     1 |       |       |       |       ||     1
       Distracted        |       |       |     1 |       |       ||     1
Armor: Leather armour    |    21 |     4 |     2 |       |       ||    27
       Chain mail        |       |       |    36 |   160 |   145 ||   341
Dodge: Dodged            |    47 |    51 |   119 |   493 |   258 ||   968

Levels and vault maps discovered:
D:1:      dpeg_arrival_stonehenge_8_columns, layout_basic,
          shapermc_ecumenical_altar_mp_urbaneastern
D:2:      layout_loops_cross, kennysheep_generic_room_6
D:3:      layout_basic, overflow_temple_1_default, mainiacjoe_overflow_24_doors,
          okawaru_trees_2, ebering_ghost_disaster_area
D:4:      layout_basic, dk_yredelemnul_ordeal, chei_slow_surprise
D:5:      layout_basic, amcnicky_altar_gilded, mainiacjoe_overflow_tiny_flanked
D:6:      nicolae_cairo_tiling_large_dashed, layout_rooms,
          evilmike_ruin_ashenzari, uniq_maggie, uniq_grinder
D:7:      cheibrodos_grave_circle, layout_loops_corners,
          mainiacjoe_overflow_chevrons, uniq_crazy_yiuf_cottage
D:8:      layout_rooms, zin_academy, lair_entry_dummy, uniq_prince_ribbit1
D:9:      minmay_razor_zed, layout_loops_ring, mainiacjoe_overflow_boulevard,
          nicolae_sif_muna_little_library
D:10:     cheibrodos_barr_body, layout_loops_cross,
          minmay_orc_entry_temple_small, minmay_misc_feat_enclosed,
          minivault_22, uniq_josephine
Lair:1:   layout_cave_pods, nicolae_quartered_pool_super, uniq_sonja, uniq_erica
Lair:2:   layout_roguey, elwin_shoals_entry_rooms, hangedman_tree_tricks,
          uniq_fannar
Lair:3:   layout_gridlike
Lair:4:   layout_gridlike, hellmonk_spider_entry_not_the_bees,
          serial_bayou_shore_b
Lair:5:   layout_cave_pods, slime_dummy, grunt_megastairs_1
Lair:6:   wormcave, layout_regular_city, nzn_ghost_randoct,
          serial_bayou_shore_b, infiniplex_staircase_pool

Notes
Turn   | Place    | Note
-------+----------+-------------------------------------------
     0 | D:1      | esteth the Minotaur Berserker began the quest for the Orb.
     0 | D:1      | Reached XP level 1. HP: 19/19 MP: 0/0
     0 | D:1      | magus.rc [v1.11.3]
   143 | D:1      | Reached skill level 4 in Axes
   493 | D:1      | Found a faded altar of an unknown god.
   540 | D:1      | Reached XP level 2. HP: 26/26 MP: 1/1
  1205 | D:2      | Reached skill level 5 in Axes
  1321 | D:2      | Reached XP level 3. HP: 21/31 MP: 2/2
  1528 | D:2      | Reached ** piety under Trog
  2057 | D:3      | Found a bloodstained altar of Trog.
  2070 | D:3      | Reached skill level 6 in Axes
  2070 | D:3      | Reached XP level 4. HP: 33/39 MP: 3/3
  2167 | D:3      | Found a large runed translucent door.
  2167 | D:3      | Found a large runed translucent door.
  2171 | D:3      | Noticed ma3's ghost (amateur GnCK)
  2275 | D:3      | Found an ancient bone altar of Kikubaaqudgha.
  2329 | D:3      | Identified the ring "Nosexoud" {Fire Contam Will- Str+5
                  | SInv}
  2335 | D:3      | Noticed an ice beast
  2346 | D:3      | Killed an ice beast
  2347 | D:3      | Reached skill level 7 in Axes
  2347 | D:3      | Reached XP level 5. HP: 45/45 MP: 4/4
  2482 | D:3      | You pick up a book of Blood {forbidden} and begin
                  | reading...
  2482 | D:3      | You add the spells Sublimation of Blood, Wereblood and
                  | Summon Hydra to your library.
  2628 | D:3      | Found an iron altar of Okawaru.
  2647 | D:3      | Reached skill level 8 in Axes
  3025 | D:3      | Killed ma3's ghost
  3026 | D:3      | Reached skill level 9 in Axes
  3026 | D:3      | Reached XP level 6. HP: 51/51 MP: 5/5
  3233 | D:4      | Found a runed translucent door.
  3233 | D:4      | Noticed a human
  3247 | D:4      | Reached XP level 7. HP: 57/57 MP: 6/6
  3251 | D:4      | Reached skill level 10 in Axes
  3301 | D:4      | Found a basalt altar of Yredelemnul.
  3405 | D:4      | Found a snail-covered altar of Cheibriados.
  3671 | D:4      | Killed a human
  3672 | D:4      | Reached skill level 11 in Axes
  4516 | D:5      | Entered Level 5 of the Dungeon
  4701 | D:5      | Reached XP level 8. HP: 56/64 MP: 7/7
  4832 | D:5      | Found an ornate altar of the Wu Jian Council.
  4913 | D:5      | Found a hazy altar of Hepliaklqana.
  5015 | D:5      | Reached skill level 12 in Axes
  5023 | D:5      | You add the spells Ozocubu's Armour and Ozocubu's
                  | Refrigeration to your library.
  5278 | D:6      | HP: 16/64 [ice beast (11)]
  5462 | D:6      | Found a staircase to the Ecumenical Temple.
  5510 | D:6      | Found a broken altar of Ashenzari.
  5589 | D:6      | Reached skill level 13 in Axes
  5756 | D:6      | Noticed Grinder
  5766 | D:6      | Paralysed by Grinder for 5 turns
  5774 | D:6      | Killed Grinder
  5924 | D:6      | Noticed Maggie
  5935 | D:6      | Killed Maggie
  5936 | D:6      | Reached skill level 14 in Axes
  5936 | D:6      | Reached XP level 9. HP: 63/70 MP: 8/8
  6293 | D:7      | Reached *** piety under Trog
  6319 | D:7      | Noticed a hellwing
  6320 | D:7      | Noticed a hellwing
  6341 | D:7      | Killed a hellwing
  6342 | D:7      | Reached skill level 15 in Axes
  6356 | D:7      | Reached skill level 16 in Axes
  6356 | D:7      | Reached skill level 4 in Fighting
  6356 | D:7      | Reached skill level 3 in Armour
  6364 | D:7      | Killed a hellwing
  6365 | D:7      | Reached skill level 3 in Dodging
  6366 | D:7      | Reached skill level 5 in Fighting
  6366 | D:7      | Reached skill level 4 in Armour
  6663 | D:7      | Reached XP level 10. HP: 81/81 MP: 9/9
  6707 | D:7      | Reached skill level 4 in Dodging
  6774 | D:7      | Found a shadowy altar of Dithmenos.
  6880 | D:7      | Reached skill level 5 in Armour
  7103 | D:7      | Reached skill level 6 in Fighting
  7123 | D:7      | Reached skill level 5 in Dodging
  7448 | D:7      | Found the +6 shillelagh "Devastator" {shatter}
  7451 | D:7      | Found a runed translucent door.
  7455 | D:7      | Noticed Crazy Yiuf
  7458 | D:7      | Identified the +9 mace "Ymeylum" {vorpal, Will+}
  7464 | D:7      | Identified the +9 mace of Death {vorpal, +Blink Str+4 Dex+3
                  | SInv}
  7704 | D:8      | Noticed Prince Ribbit
  7704 | D:8      | Found a glowing silver altar of Zin.
  7712 | D:8      | Killed Prince Ribbit
  8209 | D:8      | Reached skill level 6 in Armour
  8457 | D:8      | You pick up a book of Callings {forbidden} and begin
                  | reading...
  8457 | D:8      | You add the spells Summon Small Mammal, Call Canine
                  | Familiar and Summon Guardian Golem to your library.
  8560 | D:8      | Reached skill level 7 in Fighting
  8638 | D:8      | Reached **** piety under Trog
  8730 | D:8      | Reached skill level 6 in Dodging
  8964 | D:8      | Found a staircase to the Lair.
  9572 | D:9      | Reached skill level 7 in Armour
  9590 | D:9      | Reached skill level 8 in Fighting
  9733 | D:9      | Found a sparkling altar of Nemelex Xobeh.
  9897 | D:9      | Reached skill level 7 in Dodging
  9897 | D:9      | Reached XP level 11. HP: 61/94 MP: 10/10
 10056 | D:9      | Paralysed by a hornet for 2 turns
 10364 | D:9      | Reached ***** piety under Trog
 10365 | D:9      | Reached skill level 9 in Fighting
 10748 | D:9      | You pick up a book of Party Tricks {forbidden} and begin
                  | reading...
 10748 | D:9      | You add the spells Apportation and Alistair's Intoxication
                  | to your library.
 10807 | D:9      | Found a shimmering blue altar of Sif Muna.
 10959 | D:10     | Entered Level 10 of the Dungeon
 11320 | D:10     | Noticed Josephine
 11336 | D:10     | Killed Josephine
 11337 | D:10     | Reached skill level 10 in Fighting
 11517 | D:10     | Reached skill level 11 in Fighting
 11533 | D:10     | Found a staircase to the Orcish Mines.
 11934 | D:10     | Reached skill level 12 in Fighting
 12112 | D:10     | Noticed a boulder beetle
 12127 | D:10     | Reached skill level 13 in Fighting
 12131 | D:10     | Killed a boulder beetle
 12570 | Lair:1   | Entered Level 1 of the Lair of Beasts
 12678 | Lair:1   | Noticed a six-headed hydra
 12690 | Lair:1   | Killed a six-headed hydra
 12691 | Lair:1   | Reached skill level 14 in Fighting
 12883 | Lair:1   | Reached skill level 1 in Evocations
 13030 | Lair:1   | Reached XP level 12. HP: 108/117 MP: 11/11
 13093 | Lair:1   | Noticed a seven-headed hydra
 13095 | Lair:1   | Noticed Sonja
 13097 | Lair:1   | Noticed Erica
 13099 | Lair:1   | Killed an eight-headed hydra
 13100 | Lair:1   | Reached skill level 3 in Evocations
 13111 | Lair:1   | Killed Erica
 13113 | Lair:1   | Killed Sonja
 13114 | Lair:1   | Reached skill level 4 in Evocations
 13342 | Lair:1   | Noticed an eight-headed hydra
 13350 | Lair:1   | Killed an eight-headed hydra
 13351 | Lair:1   | Reached skill level 5 in Evocations
 13933 | Lair:2   | Reached skill level 6 in Evocations
 14320 | Lair:2   | Reached skill level 7 in Evocations
 14542 | Lair:2   | You fall into a shaft and drop 1 floor!
 14579 | Lair:2   | Noticed Fannar
 14589 | Lair:2   | Killed Fannar
 14590 | Lair:2   | Reached skill level 8 in Evocations
 14729 | Lair:2   | HP: 17/117 [cane toad (13)]
 14990 | Lair:2   | Found a staircase to the Shoals.
 15442 | Lair:2   | Found a blossoming altar of Fedhas.
 15972 | Lair:3   | Reached skill level 9 in Evocations
 16217 | Lair:3   | Identified the amulet of the Raven {rN++ Regen+ Str+7
                  | Int-5}
 16764 | Lair:4   | Found a hole to the Spider Nest.
 16901 | Lair:4   | Noticed a boulder beetle
 16918 | Lair:4   | Killed a boulder beetle
 16919 | Lair:4   | Reached skill level 10 in Evocations
 16919 | Lair:4   | Reached XP level 13. HP: 50/124 MP: 12/12
 16928 | Lair:4   | Reached skill level 8 in Armour
 17221 | Lair:4   | Reached skill level 8 in Dodging
 17631 | Lair:4   | Reached skill level 9 in Armour
 17983 | Lair:4   | Found the +12 glaive of Prune {vorpal}
 18025 | Lair:4   | Upgraded the game from 0.29-a0-113-g078de9bc30 to
                  | 0.29-a0-187-ga23d9638d5
 18025 | Lair:4   | magus.rc [v1.11.3]
 18305 | Lair:5   | Reached skill level 1 in Polearms
 18529 | Lair:5   | You pick up a book of Decay {forbidden} and begin
                  | reading...
 18529 | Lair:5   | You add the spells Corpse Rot, Dispel Undead and Death
                  | Channel to your library.
 18581 | Lair:5   | Reached skill level 2 in Polearms
 18729 | Lair:5   | Reached skill level 3 in Polearms
 18738 | Lair:5   | Reached skill level 9 in Dodging
 18778 | Lair:5   | Found a staircase to the Slime Pits.
 19279 | Lair:6   | Entered Level 6 of the Lair of Beasts
 19282 | Lair:6   | You pick up a book of Fire {forbidden} and begin reading...
 19282 | Lair:6   | You add the spells Fireball, Starburst and Ignition to your
                  | library.
 19300 | Lair:6   | Reached skill level 10 in Armour
 19602 | Lair:6   | Reached skill level 4 in Polearms
 19957 | Lair:6   | Noticed bmj180's ghost (journeyman MfIE)
 20015 | Lair:6   | Received a gift from Trog
 20021 | Lair:6   | Reached skill level 5 in Polearms
 20040 | Lair:6   | j - a +4 vorpal executioner's axe {rare}
 20179 | Lair:6   | j - a +4 vorpal executioner's axe (weapon) {rare}
 20180 | Lair:6   | your +4 vorpal executioner's axe {rare} glows red for a
                  | moment.
 20181 | Lair:6   | your +5 vorpal executioner's axe {rare} glows red for a
                  | moment.
 20182 | Lair:6   | your +6 vorpal executioner's axe {rare} glows red for a
                  | moment.
 20208 | Lair:6   | Found a runed translucent door.
 20238 | Lair:6   | Reached XP level 14. HP: 70/133 MP: 13/13
 20526 | Lair:6   | Paralysed by a hornet for 3 turns
 20535 | Lair:6   | HP: 33/133 [lindwurm/blast of flame (12)]
 20807 | Lair:6   | Identified the +1 mace of Lies {vorpal, rElec rPois Int-3}
 20875 | Lair:6   | HP: 21/133 [tyrant leech (24)]
 20877 | Lair:6   | HP: 8/133 [torpor snail (7)]
 20877 | Lair:6   | Slain by a lindwurm

Vanquished Creatures
  Josephine (D:10)
  An ice dragon (Lair:6)
  Fannar (Lair:2)
  2 hydras (Lair:1)
  Erica (Lair:1)
  A cyclops (D:10)
  A manticore (D:10)
  A merfolk siren (Lair:2)
  10 elephants (Lair:4)
  11 centaur zombies
  4 black mambas
  2 torpor snails (Lair:6)
  An unseen horror (D:10)
  A kobold demonologist (D:10)
  11 komodo dragons
  9 cane toads
  2 rime drakes
  Maggie (D:6)
  2 hellwings (D:7)
  A merfolk (Lair:2)
  The ghost of ma3 the Slasher, an amateur GnCK of Xom (D:3)
  A meliai (Lair:3)
  8 hornets
  Grinder (D:6)
  2 polar bears
  A troll (D:10)
  16 blink frogs
  2 tyrant leeches (Lair:6)
  Prince Ribbit (D:8)
  19 dream sheep
  A meliai zombie (D:7)
  20 yaks
  6 wraiths
  A shadow (D:10)
  4 wyverns
  A human (D:4)
  2 steam dragons (D:9)
  3 acid dragons
  13 water moccasins
  4 ice beasts
  3 sky beasts
  A hornet zombie (D:7)
  2 orc warriors (D:10)
  13 wolves
  4 black bears
  An ogre (D:6)
  6 centaurs
  3 kobold brigands
  3 gnoll sergeants
  11 bullfrogs
  A water moccasin zombie (D:6)
  A wyvern zombie (D:6)
  2 scorpions (D:5)
  A water moccasin skeleton (D:4)
  5 killer bees
  15 wights
  A howler monkey (D:9)
  3 electric eels
  A hound (D:5)
  2 jellies
  A bullfrog zombie (D:7)
  A gnoll shaman (D:4)
  5 orc priests
  4 iguanas
  8 orc wizards
  A human skeleton (D:4)
  A mummy (D:4)
  2 howler monkey zombies
  14 gnolls
  2 howler monkey skeletons
  5 adders
  3 shadow imps (D:7)
  A white imp (D:6)
  An ufetubus (D:6)
  2 adder skeletons (D:4)
  2 worms
  4 dart slugs
  29 orcs
  4 bats
  3 endoplasms
  2 giant cockroaches
  9 goblins
  6 hobgoblins
  3 jackals (D:3)
  2 quokkas (D:3)
  4 ball pythons
  4 frilled lizards
  A goblin skeleton (D:4)
  14 kobolds
  3 rats
391 creatures vanquished.

Vanquished Creatures (collateral kills)
  2 hydras
  2 boulder beetles
  Sonja (Lair:1)
  A lindwurm (Lair:6)
  A torpor snail (Lair:6)
  A komodo dragon (Lair:4)
  A hornet (Lair:6)
  3 blink frogs (Lair:4)
  6 dream sheep (Lair:4)
  A water moccasin (Lair:4)
  A bullfrog (Lair:4)
  A killer bee (Lair:4)
21 creatures vanquished.

Vanquished Creatures (others)
  An orc wizard (D:9)
  An endoplasm (D:4)
  A giant cockroach (D:4)
  A kobold (D:4)
  4 bushes (D:9)
  25 fungi
  22 plants
  2 withered plants (D:7)
57 creatures vanquished.

Grand Total: 469 creatures vanquished

Table legend:
 A = Non-vault XP
 B = Vault XP
 C = Vault XP percentage of total XP
 D = Non-vault monster count
 E = Vault monster count
 F = Vault count percentage of total count
                 A         B        C        D         E       F
            +---------+---------+-------+---------+---------+-------
      Total |   46218 |   22402 |  32.6 |     323 |      90 |  21.8
            +---------+---------+-------+---------+---------+-------
        D:1 |      32 |       0 |   0.0 |      17 |       0 |   0.0
        D:2 |      56 |       1 |   1.8 |      17 |       1 |   5.6
        D:3 |     268 |     304 |  53.1 |      25 |       1 |   3.8
        D:4 |     321 |     253 |  44.1 |      20 |       4 |  16.7
        D:5 |     504 |       0 |   0.0 |      13 |       0 |   0.0
        D:6 |     649 |     623 |  49.0 |      10 |       2 |  16.7
        D:7 |    1208 |    2898 |  70.6 |      21 |      11 |  34.4
        D:8 |    1556 |     259 |  14.3 |      22 |       1 |   4.3
        D:9 |    2096 |    1339 |  39.0 |      27 |      14 |  34.1
       D:10 |    1378 |    6111 |  81.6 |      14 |      25 |  64.1
     Lair:1 |    4576 |    1435 |  23.9 |      12 |       2 |  14.3
     Lair:2 |    5803 |    1684 |  22.5 |      22 |       3 |  12.0
     Lair:3 |    3343 |     426 |  11.3 |      17 |       3 |  15.0
     Lair:4 |   11985 |     181 |   1.5 |      32 |       3 |   8.6
     Lair:5 |    4218 |    1553 |  26.9 |      15 |       6 |  28.6
     Lair:6 |    8225 |    5335 |  39.3 |      39 |      14 |  26.4
            +---------+---------+-------+---------+---------+-------

Illustrated notes

Table legend:
 A = Kills in this place as a percentage of kills in entire the game.
 B = Kills by you in this place as a percentage of kills by you in the entire game.
 C = Kills by friends in this place as a percentage of kills by friends in the entire game.
 D = Other kills in this place as a percentage of other kills in the entire game.
 E = Experience gained in this place as a percentage of experience gained in the entire game.
 F = Experience gained in this place divided by the number of levels of this place that you have seen.
                   A       B       C       D       E      F
               +-------+-------+-------+-------+-------+----------------------
         Total | 100.0 | 100.0 | 100.0 | 100.0 | 100.0 | 4288.8
       Dungeon |  59.3 |  62.1 |   4.8 | 100.0 |  28.9 | 1985.6
          Lair |  40.7 |  37.9 |  95.2 |   0.0 |  71.1 | 8127.3
               +-------+-------+-------+-------+-------+----------------------

Table legend: (Time is in decaauts)
 A = Elapsed time spent in this place.
 B = Non-inter-level travel time spent in this place.
 C = Inter-level travel time spent in this place.
 D = Time resting spent in this place.
 E = Time spent auto-exploring this place.
 F = Levels seen in this place.
 G = Mean time per level.
                   A        B        C        D        E       F      G
               +--------+--------+--------+--------+--------+-----+--------+
         Total |  20952 |  20341 |    611 |   3001 |  14730 |  16 | 1309.5 |
       Dungeon |  12579 |  12098 |    481 |   1741 |   8835 |  10 | 1257.9 |
          Lair |   8372 |   8242 |    130 |   1260 |   5894 |   6 | 1395.3 |
               +--------+--------+--------+--------+--------+-----+--------+

Top non-repeatable levels by time:
     D:9: 1977 daAuts
  Lair:2: 1922 daAuts
     D:7: 1866 daAuts
  Lair:6: 1638 daAuts
    D:10: 1554 daAuts
     D:4: 1417 daAuts
  Lair:1: 1342 daAuts
  Lair:4: 1295 daAuts
     D:3: 1125 daAuts
     D:1: 1101 daAuts
  Lair:5: 1100 daAuts
  Lair:3: 1073 daAuts
     D:6: 975 daAuts
     D:8: 923 daAuts
     D:2: 917 daAuts
